 Dungeon Crawl Stone Soup version 0.32-a0-42-ga30500b4d3 (webtiles) character file.

Game seed: 5964189756986071634

819 grandjackal the Trooper (level 7, -3/57 HPs)
             Began as a Demonspawn Gladiator on Jan 30, 2024.
             Slain by an ice beast (10 damage)
             ... on level 4 of the Dungeon.
             The game lasted 00:06:54 (4866 turns).

grandjackal the Trooper (Demonspawn Gladiator)      Turns: 4866, Time: 00:06:55

Health: -3/57      AC:  7    Str: 13 (15) XL:     7   Next: 63%
Magic:  7/7        EV: 12    Int:  7 (8)  God:
Gold:   185        SH:  4    Dex: 13 (16) Spells: 6/6 levels left

rFire   . . .        r - +2 dagger (venom)
rCold   . . .        (no shield)
rNeg    . . .        l - +0 ring mail
rPois   .            (helmet restricted)
rElec   .            (no cloak)
rCorr   .            (no gloves)
SInv    +            n - +1 pair of boots {rampage}
Will    .....        (no amulet) Stlth
                     q - ring of see invisible
HPRegen 0.29/turn    (no ring)
MPRegen 0.10/turn

%: rampage
@: silenced
A: antennae 2, large bone plates 1, demonic guardian 1
a: no special abilities


You were on level 4 of the Dungeon.
You visited 1 branch of the dungeon, and saw 5 of its levels.

You collected 185 gold pieces.

Inventory:

Hand Weapons
 a - a +1 long sword
 r - a +2 dagger of venom (weapon)
Missiles
 d - 3 throwing nets
 k - 2 poisoned darts
 w - 4 curare-tipped darts
Armour
 l - a +0 ring mail (worn)
 n - a +1 pair of boots of rampaging (worn)
 o - a +0 scale mail
Jewellery
 q - a ring of see invisible (left hand)
 t - a ring of wizardry
Scrolls
 c - 2 scrolls of amnesia
 p - a scroll of fear {unknown}
 v - a scroll of noise
Potions
 b - 2 potions of enlightenment
 f - a potion of attraction


   Skills:
 + Level 5.9 Fighting
 - Level 4.1 Long Blades
 - Level 2.0 Throwing
 + Level 3.6 Armour
 - Level 4.1 Dodging


You had 6 spell levels left.
You didn't know any spells.
Your spell library contained the following spells:

 Spells                   Type           Power      Damage    Failure   Level
 Kiss of Death            Conj/Necr      0%         2d5       67%         1
 Necrotise                Necr           0%         1d4       67%         1
 Call Imp                 Summ           0%         N/A       82%         2
 Sublimation of Blood     Necr           0%         N/A       82%         2
 Confusing Touch          Hex            0%         N/A       96%         3
 Vampiric Draining        Necr           0%         2d6       96%         3
 Dispel Undead            Necr           0%         3d6       100%        4
 Martyr's Knell           Necr/Summ      0%         N/A       100%        4
 Curse of Agony           Necr           0%         N/A       100%        5
 Summon Hydra             Summ           0%         N/A       100%        7


Dungeon Overview and Level Annotations

Branches:
Dungeon (5/15)
 Temple: D:4-7

Altars:
Hepliaklqana
Vehumet

Shops:
D:1 ?

Annotations:
D:4 Grinder


Innate Abilities, Weirdness & Mutations

You have a pair of antennae on your head.
You are partially covered in large bone plates. (SH +4)
A weak demonic guardian rushes to your aid.


Message History

The ice beast closely misses you. The adder barely misses you.
As you read the scroll labelled RATHIADIENK, it crumbles to dust.
The creatures around you are filled with an inner flame!
It was a scroll of immolation.
The kobold hits you with a +0 short sword.
Grinder barely misses you.
The kobold brigand hits you but does no damage.
The ice beast hits you. The ice beast freezes you! The adder misses you.
As you read the scroll labelled FITUAS KAEXIEL, it crumbles to dust.
It is a scroll of enchant armour.
Your +0 pair of boots of rampaging glows green for a moment.
The adder barely misses you. Grinder hits you.
You writhe in agony.
* * * LOW HITPOINT WARNING * * *
You block the kobold's attack. The ice beast barely misses you.
The kobold brigand closely misses you. The adder barely misses you.
As you read the scroll labelled HIHANE RIWEU, it crumbles to dust.
You hear a loud clanging noise!
It was a scroll of noise.
The kobold hits you but does no damage. Grinder closely misses you.
You block the kobold brigand's attack. The ice beast completely misses you.
The adder barely misses you.
As you read the scroll labelled IVISCH CUPT, it crumbles to dust.
It is a scroll of enchant weapon.
Your +0 long sword glows red for a moment.
The kobold hits you but does no damage. Grinder hits you but does no damage.
The kobold brigand hits you with a +0 dagger.
* * * LOW HITPOINT WARNING * * *
You block the ice beast's attack. The adder closely misses you.
As you read the scroll labelled ODDUL ELAIQ, it crumbles to dust.
A profound silence engulfs you.
It was a scroll of silence.
The adder bites you but does no damage. Grinder hits you but does no damage.
You block the kobold's attack.
The ice beast hits you but does no damage.
The kobold brigand closely misses you. The adder bites you but does no damage.
You closely miss the adder. The kobold barely misses you. Grinder misses you.
The kobold brigand hits you with a +0 dagger.
* * * LOW HITPOINT WARNING * * *
A demonic guardian appears!
The ice beast hits you.
* * * LOW HITPOINT WARNING * * *
The ice beast freezes you!
You die...

#.#.#####.......##.#......#....##
#.#.# #.......##.#......#......
#.#.# #.......##.#......#.#.###
#.#.# #.###+#.#.........#.#.###
#.#.#####.# #......#.............
#.#.#...#)# #.#..#.########.#....
#.#.#.#.#)# #.#5K#........#.#####
....#...#)# #.#SK####.....#.#
#.#.#.###)###.#K@5(.......#.#
#.#.#<..†.....##Y####.###.#.#
#.#######.######.# #.....#.#
..#.....#.# #.##########.#####
###.###...#### #.(..........##...
.............# #..##.........#.##
###.......##.###..##.............
# #.###.####.##...##...........##
# ####............##..........###


You could see Grinder (inner flame, unsilenced), an ice beast (inner flame), a
kobold brigand (inner flame), an adder (inner flame, ally target), 2 kobolds and
a friendly quasit (summoned).

Vanquished Creatures
  A sky beast (D:4)
  A centaur (D:5)
  2 hounds
  A bombardier beetle (D:5)
  5 orc priests
  2 gnoll boudas (D:4)
  A jelly (D:4)
  An orc wizard (D:4)
  7 gnolls
  4 adders (D:2)
  2 ufetubi (D:3)
  4 ribbon worms
  3 dart slugs
  4 orcs
  4 ball pythons
  4 bats
  9 endoplasms
  4 giant cockroaches
  8 goblins
  3 hobgoblins
  5 jackals
  4 quokkas
  4 frilled lizards
  6 kobolds
  4 rats
93 creatures vanquished.

Vanquished Creatures (collateral kills)
  An ogre (D:5)
  2 orcs (D:3)
  A hobgoblin (D:3)
  4 jackals (D:4)
8 creatures vanquished.

Grand Total: 101 creatures vanquished

Notes
Turn   | Place    | Note
-------+----------+-------------------------------------------
     0 | D:1      | grandjackal the Demonspawn Gladiator began the quest for
                  | the Orb.
     0 | D:1      | Reached XP level 1. HP: 16/16 MP: 1/1
   145 | D:1      | Gained mutation: You have a pair of small antennae on your
                  | head. [demonic ancestry]
   145 | D:1      | Reached XP level 2. HP: 16/22 MP: 2/2
   231 | D:1      | Found Aphi's Magic Scroll Shop.
   820 | D:1      | Gained mutation: A weak demonic guardian rushes to your
                  | aid. [demonic ancestry]
   820 | D:1      | Reached XP level 3. HP: 22/28 MP: 3/3
  1328 | D:2      | Found a faded altar of an unknown god.
  1596 | D:2      | Reached skill level 3 in Fighting
  1621 | D:2      | Reached XP level 4. HP: 35/35 MP: 4/4
  2612 | D:3      | Reached XP level 5. HP: 23/41 MP: 5/5
  3141 | D:4      | Found a radiant altar of Vehumet.
  3289 | D:4      | Reached skill level 4 in Fighting
  3289 | D:4      | Gained mutation: You are partially covered in large bone
                  | plates. (SH +4) [demonic ancestry]
  3289 | D:4      | Reached XP level 6. HP: 26/47 MP: 6/6
  3699 | D:4      | Reached skill level 1 in Armour
  3716 | D:4      | Noticed a sky beast
  3731 | D:4      | Killed a sky beast
  4055 | D:4      | Reached skill level 5 in Fighting
  4055 | D:4      | Gained mutation: You have a pair of antennae on your head.
                  | [demonic ancestry]
  4055 | D:4      | Reached XP level 7. HP: 21/56 MP: 7/7
  4184 | D:4      | Found a hazy altar of Hepliaklqana.
  4227 | D:5      | Entered Level 5 of the Dungeon
  4617 | D:5      | Noticed Grinder
  4630 | D:5      | Paralysed by Grinder for 4 turns
  4637 | D:5      | Paralysed by Grinder for 2 turns
  4657 | D:5      | HP: 2/57 [kobold/+0 short sword (2)]
  4852 | D:5      | Paralysed by Grinder for 5 turns
  4866 | D:4      | Slain by an ice beast

Illustrated notes

Levels and vault maps discovered:
D:1:      psy_arrival_heroes, layout_basic, serial_shops, shop,
          item_on_display_a
D:2:      layout_loops_ring, basic_altar, ebering_ecumenical_altar_box
D:3:      layout_loops_ring, st_stairs_9
D:4:      layout_basic, mainiacjoe_overflow_24_doors,
          mainiacjoe_overflow_alcove_4
D:5:      layout_rooms, uniq_menkaure, uniq_grinder

Skill      XL: |  1  2  3  4  5  6  7 |
---------------+----------------------+-----
Throwing       | 2 |  2.0
Long Blades    | 3 4 |  4.1
Dodging        | 3 4 |  4.1
Fighting       | 3 4 5 |  5.9
Armour         | 2 3 |  3.6

Action                     |  1- 3 |  4- 6 |  7- 9 || total
---------------------------+-------+-------+-------++-------
  Melee: Long sword        |   119 |    45 |       ||   164
         Dagger            |       |   127 |    60 ||   187
         Punch             |       |     2 |       ||     2
  Throw: Javelin           |       |     4 |     4 ||     8
    Use: Scroll            |       |     2 |     6 ||     8
         Potion            |       |       |     3 ||     3
   Stab: Sleeping          |     1 |       |       ||     1
         Distracted        |       |     2 |       ||     2
 Armour: Leather armour    |    53 |       |       ||    53
         Ring mail         |    28 |    93 |    76 ||   197
  Dodge: Dodged            |   105 |   117 |    49 ||   271
  Block: Other             |       |     9 |    12 ||    21

Table legend: (Time is in decaauts)
 A = Elapsed time spent in this place.
 B = Non-inter-level travel time spent in this place.
 C = Inter-level travel time spent in this place.
 D = Time resting spent in this place.
 E = Time spent auto-exploring this place.
 F = Levels seen in this place.
 G = Mean time per level.
                   A        B        C        D        E       F      G
               +--------+--------+--------+--------+--------+-----+--------+
         Total |   4889 |   4708 |    181 |   1198 |   2586 |   5 |  977.8 |
       Dungeon |   4889 |   4708 |    181 |   1198 |   2586 |   5 |  977.8 |
               +--------+--------+--------+--------+--------+-----+--------+

Top non-repeatable levels by time:
     D:4: 1472 daAuts
     D:2: 1066 daAuts
     D:1: 1042 daAuts
     D:3: 973 daAuts
     D:5: 335 daAuts
